 Dungeon Crawl Stone Soup version 0.27-a0-920-gb2bd10914a (webtiles) character file.

Game seed: 7142544214583275800

40083 siradein the Thaumaturge (level 14, -14/103 HPs)
             Began as a Djinni Conjurer on Apr 9, 2021.
             Was the Champion of Makhleb.
             Killed from afar by a lindwurm (36 damage)
             ... with a blast of flame
             ... summoned by Kirke
             ... on level 5 of the Lair of Beasts.
             The game lasted 01:35:42 (19293 turns).

siradein the Thaumaturge (Djinni Conjurer)         Turns: 19293, Time: 01:35:43

Health: -14/103    AC:  0    Str:  6    XL:     14   Next: 9%
Gold:   1253       EV: 19    Int: 25    God:    Makhleb [******] SH:  0 Dex: 12

rFire    . . .     SeeInvis .   (weapon currently unavailable)
rCold    . . .     Faith    .   (shield currently unavailable)
rNeg     . . .     Spirit   .   (armour currently unavailable)
rPois    ∞         Reflect  .   (helmet currently unavailable)
rElec    .         Harm     .   (cloak currently unavailable)
rCorr    .         Rampage  .   (gloves currently unavailable)
Will     +....                  (boots unavailable)
Stlth    ++........             (no amulet)
HPRegen  0.27/turn              (ring currently unavailable)
MPRegen  0.00/turn              (ring currently unavailable)

@: pig-form, on berserk cooldown, flying, slowed
A: fast, flying, no casting, small, (fire resistance 2), (cold vulnerability 1),
float, innate caster, hp casting, extra vitality 1
a: Renounce Religion, Minor Destruction, Lesser Servant of Makhleb, Major
Destruction, Greater Servant of Makhleb


You were on level 5 of the Lair of Beasts.
You worshipped Makhleb.
Makhleb was exalted by your worship.
You were a filthy swine.
You visited 3 branches of the dungeon, and saw 18 of its levels.
You also visited: Ossuary and Bailey.

You collected 1253 gold pieces.

Inventory:

Hand Weapons
 Y - a +3 demon blade of draining (melded)
Missiles
 n - 4 atropa-tipped darts
 y - 7 curare-tipped darts
 S - a throwing net
Armour
 c - a +0 kite shield (melded)
 j - a +0 pair of gloves (melded)
 G - a +2 helmet (melded)
 K - a +0 troll leather armour (melded)
Magical Staves
 Q - a staff of poison
 T - a staff of fire
Jewellery
 b - a ring of fire
 C - a ring of protection from cold (melded)
 L - a +6 ring of intelligence (melded)
 P - an amulet of the acrobat
 X - a +4 ring of protection
Wands
 a - a wand of acid (19)
 g - a wand of random effects (39)
 w - a wand of charming (36)
 M - a wand of flame (14)
 R - a wand of mindburst (24)
Scrolls
 d - 5 scrolls of fear {unknown}
 e - a scroll of holy word {unknown}
 h - 9 scrolls of teleportation
 i - 4 scrolls of amnesia {unknown}
 k - 3 scrolls of noise {unknown}
 l - 2 scrolls of brand weapon {unknown}
 o - 7 scrolls of enchant armour {unknown}
 p - 4 scrolls of blinking {unknown}
 s - 2 scrolls of vulnerability {unknown}
 t - 2 scrolls of torment {unknown}
 u - 3 scrolls of silence {unknown}
 D - 4 scrolls of fog {unknown}
 E - 5 scrolls of summoning
 F - a scroll of acquirement {unknown}
 J - 4 scrolls of enchant weapon {unknown}
 N - 5 scrolls of identify
 O - 3 scrolls of immolation {unknown}
Potions
 f - 10 potions of curing
 m - 4 potions of resistance
 q - a potion of ambrosia
 r - 5 potions of mutation
 v - 5 potions of might
 x - a potion of lignification
 z - 5 potions of heal wounds
 A - 2 potions of haste
 B - 2 potions of brilliance
 H - 2 potions of attraction
 I - a potion of berserk rage
 U - a potion of invisibility
 W - a potion of degeneration {unknown}


   Skills:
 + Level 10.0 Fighting
 + Level 10.0 Armour
 + Level 11.0 Dodging
 - Level 1.5 Stealth
 + Level 6.2 Shields
 + Level 13.4 Spellcasting


You had 6 spell levels left.
You knew the following spells:

 Your Spells              Type           Power      Damage    Failure   Level
a - Magic Dart            Conj           100%       1d8       0%          1
b - Searing Ray           Conj           100%       3d7       1%          2
c - Dazzling Flash        Conj/Hex       100%       N/A       1%          3
d - Fulminant Prism       Conj/Hex       35%        3d18      1%          4
e - Iskenderun's Mystic   Conj/Tloc      71%        2d14      1%          4
f - Foxfire               Conj/Fire      100%       2x1d9     0%          1
g - Corpse Rot            Necr/Air       N/A        N/A       1%          2
h - Ozocubu's Armour      Ice            71%        N/A       1%          3
i - Teleport Other        Tloc           71%        N/A       1%          3
j - Lee's Rapid Deconstr  Erth           35%        3d19*     1%          5
k - Silence               Hex/Air        35%        N/A       1%          5
Your spell library was empty.

Dungeon Overview and Level Annotations

Branches:
Dungeon (12/15)            Temple (1/1) D:5            Lair (5/6) D:9
 Shoals (0/4) Lair:4       Spider (0/4) Lair:4          Orc (0/2) D:12
Ossuary (visited)          Bailey (visited)
  Slime: Lair:5-6

Altars:
Ashenzari
Cheibriados
Dithmenos
Elyvilon
Gozag
Kikubaaqudgha
Makhleb
Nemelex Xobeh
Okawaru
Qazlal
Trog
Vehumet
Wu Jian
Xom
Yredelemnul
The Shining One
Jiyva

Shops:
D:7 :!=

Annotations:
Lair:5 Kirke


Innate Abilities, Weirdness & Mutations

You are a filthy swine.
You move quickly.
You are flying.
Your equipment is almost entirely melded.
You are incapable of wielding weapons or throwing items.
You cannot cast spells.
You are immune to poison.
((Your flesh is very heat resistant. (rF++)))
((You are vulnerable to cold. (rC-)))
You float through the air rather than walking.
You learn spells naturally, not from books.
Your magical power is your life essence.
You have superior vitality. (+4 HP)


Message History

Kirke casts a spell at you.
You feel a momentary urge to oink.
Your transformation is almost over.
Kirke points at herself and mumbles some strange words.
Kirke flickers and vanishes!
Deactivating autopickup; reactivate with Ctrl-A.
Your transformation has ended.
Your +3 demon blade of draining unmelds from your body.
Your +2 helmet unmelds from your body.
Your +0 pair of gloves unmelds from your body.
Your +0 kite shield unmelds from your body.
Your +0 troll leather armour unmelds from your body.
Your ring of protection from cold unmelds from your body.
Your +6 ring of intelligence unmelds from your body.
You sense an unholy aura.
You feel clever.
You hear some strange, mumbled words.
Something summons a lindwurm!
Casting: Fulminant Prism (safe; 1% risk of failure)
Confirm with . or Enter, or press ? or * to list all spells.
Aiming: Fulminant Prism (safe; 1% risk of failure)
Press: ? - help, Dir - move target You conjure a prism of explosive energy!
* * * LOW HITPOINT WARNING * * *
A fulminant prism comes into view.
You hear some strange, mumbled words.
You turn into a filthy swine.
Your +3 demon blade of draining melds into your body.
Your +2 helmet melds into your body.
Your +0 pair of gloves melds into your body.
Your +0 kite shield melds into your body.
Your +0 troll leather armour melds into your body.
Your ring of protection from cold melds into your body.
Your +6 ring of intelligence melds into your body.
You feel stupid. The lindwurm breathes flames at you.
The blast of flame hits your fulminant prism!
Your fulminant prism resists.
The blast of flame hits you!!!
You die...

.........###.....................
...........................#.....
.....................)....###....
.................k........###....
................Y*......P..###...
..............##...........#.#...
............#.##....P.#.P..##†...
...........#..##...#...#.......##
..........######h...#.PP...†...##
........##.##.................#
..#..P..#.##...#...P..........#
##.#...................#.....
####........#.P.P...........
##....#.....##.#....#....
#..#####.#####....#..... #.P#
#.#.# .#.(..#.... #...# ##
#.#.#####......


You could see a lindwurm (summoned, catching breath, ally target), a yak and a
friendly fulminant prism.

Vanquished Creatures
  The ghost of Camaf the Destroyer, a journeyman OpWz of Vehumet (Lair:3)
  The ghost of lunkers the Thaumaturge, a journeyman DjAE of Makhleb (D:9)
  Harold (Lair:1)
  6 hydras
  A boulder beetle (Lair:5)
  3 two-headed ogres
  Urug (Lair:2)
  Sonja (Lair:1)
  A deep elf zephyrmancer (D:11)
  An ugly thing (D:10)
  2 orc knights (Bailey)
  A manticore (D:11)
  A deep elf pyromancer (D:11)
  Joseph (D:7)
  2 black mambas
  Maggie (D:6)
  7 cane toads
  A gargoyle (D:11)
  2 rime drakes
  5 komodo dragons
  A troll (D:9)
  A hornet (D:9)
  4 slime creatures
  7 blink frogs
  14 dream sheep
  A vampire (D:10)
  18 yaks
  2 wyverns
  5 basilisks
  6 hogs (Lair:5)
  A neqoxec (D:9)
  A steam dragon (D:8)
  Menkaure (D:6)
  2 acid dragons
  11 water moccasins
  13 orc warriors
  2 hornet zombies
  2 ice beasts (D:6)
  2 sky beasts
  A swamp drake (D:11)
  4 black bears
  2 ogres
  A necrophage (D:6)
  21 wolves
  6 centaurs
  A phantom (D:6)
  A kobold brigand (D:7)
  12 bullfrogs
  2 gnoll sergeants
  4 scorpions
  A wyvern zombie (Ossuary)
  2 water moccasin zombies (Ossuary)
  A water moccasin skeleton (D:4)
  30 killer bees
  8 wights (D:9)
  7 howler monkeys
  3 electric eels (D:6)
  A crimson imp (D:11)
  2 quasits (D:9)
  11 bullfrog zombies
  10 centaur zombies
  3 hounds
  4 jellies
  2 orc priests
  A centaur skeleton (D:7)
  2 gnoll shamans
  2 bullfrog skeletons (D:6)
  An iron imp (D:11)
  Terence (D:3)
  Jessica (D:3)
  2 iguanas (D:4)
  Natasha (thrice) (D:2)
  9 orc wizards
  A scorpion zombie (D:5)
  3 killer bee zombies
  A hound zombie (D:3)
  17 mummies
  2 howler monkey zombies
  7 adders
  13 gnolls
  4 shadow imps
  A white imp (D:11)
  An ufetubus (D:7)
  An adder skeleton (D:5)
  3 dart slugs
  2 worms (D:2)
  51 orcs
  6 bats
  9 endoplasms
  4 giant cockroaches
  13 goblins
  9 hobgoblins
  11 jackals (D:2)
  4 quokkas
  10 ball pythons
  15 frilled lizards
  A goblin zombie (D:7)
  A hobgoblin zombie (D:7)
  13 kobolds
  5 rats
  2 butterflies (Lair:4)
  2 fulminant prisms (Bailey)
508 creatures vanquished.

Vanquished Creatures (others)
  2 orcs (D:11)
  4 foxfires
  173 fulminant prisms
  70 fungi
  78 plants
  A withered plant (D:6)
328 creatures vanquished.

Grand Total: 836 creatures vanquished

Notes
Turn   | Place    | Note
-------+----------+-------------------------------------------
     0 | D:1      | siradein the Djinni Conjurer began the quest for the Orb.
     0 | D:1      | Reached XP level 1. HP: 15/15 MP: 0/0
   381 | D:1      | Reached XP level 2. HP: 18/21 MP: 0/0
   497 | D:1      | Reached skill level 4 in Spellcasting
   755 | D:1      | Reached XP level 3. HP: 21/25 MP: 0/0
   755 | D:1      | Learned a level 1 spell: Foxfire
  1504 | D:2      | Noticed Natasha
  1508 | D:2      | Killed Natasha
  1509 | D:2      | Reached XP level 4. HP: 25/31 MP: 0/0
  1584 | D:2      | Reached skill level 5 in Spellcasting
  1741 | D:2      | Noticed Natasha
  1747 | D:2      | Killed Natasha
  1748 | D:2      | Reached XP level 5. HP: 28/35 MP: 0/0
  1748 | D:2      | Learned a level 2 spell: Corpse Rot
  2352 | D:2      | Noticed Natasha
  2357 | D:2      | Killed Natasha
  2765 | D:2      | Reached skill level 6 in Spellcasting
  2948 | D:2      | Found a faded altar of an unknown god.
  3040 | D:3      | Noticed Terence
  3048 | D:3      | Killed Terence
  3049 | D:3      | Reached XP level 6. HP: 30/40 MP: 0/0
  3395 | D:3      | You are sucked into a shaft and drop 2 floors!
  3395 | D:5      | Entered Level 5 of the Dungeon
  3777 | D:5      | Reached XP level 7. HP: 41/45 MP: 0/0
  3777 | D:5      | Learned a level 3 spell: Ozocubu's Armour
  3781 | D:5      | Reached skill level 7 in Spellcasting
  4658 | D:5      | Found a staircase to the Ecumenical Temple.
  4669 | Temple   | Entered the Ecumenical Temple
  4712 | Temple   | Became a worshipper of Makhleb the Destroyer
  4982 | D:4      | Reached skill level 8 in Spellcasting
  5626 | D:4      | Reached XP level 8. HP: 30/50 MP: 0/0
  6218 | D:3      | Found a white marble altar of Elyvilon.
  6250 | D:3      | Noticed Jessica
  6252 | D:3      | Killed Jessica
  6460 | D:3      | Reached * piety under Makhleb
  6741 | D:6      | Reached skill level 9 in Spellcasting
  7669 | D:6      | Found an opulent altar of Gozag.
  7754 | D:6      | Noticed Menkaure
  7756 | D:6      | Killed Menkaure
  7757 | D:6      | Reached skill level 10 in Spellcasting
  7757 | D:6      | Reached XP level 9. HP: 54/55 MP: 0/0
  7757 | D:6      | Learned a level 3 spell: Teleport Other
  7791 | D:6      | Noticed Maggie
  7801 | D:6      | Killed Maggie
  8422 | D:6      | Found an ornate altar of the Wu Jian Council.
  8455 | D:7      | Reached ** piety under Makhleb
  8462 | D:7      | Reached skill level 11 in Spellcasting
  8614 | D:7      | Found Dogopte's Jewellery Boutique.
  8619 | D:7      | Found Touhut's Distillery.
  8654 | D:7      | Found Innur's Book Emporium.
  8657 | D:7      | Found a sand-covered staircase.
  8667 | Ossuary  | Entered an ossuary
  8694 | Ossuary  | Reached skill level 1 in Fighting
  8694 | Ossuary  | Reached skill level 1 in Armour
  9582 | Ossuary  | Reached XP level 10. HP: 59/65 MP: 0/0
  9909 | D:7      | Noticed Joseph
  9924 | D:7      | Killed Joseph
  9983 | D:7      | Reached *** piety under Makhleb
 10544 | D:7      | Noticed a five-headed hydra
 10555 | D:7      | Killed a five-headed hydra
 10556 | D:7      | Reached skill level 5 in Dodging
 11286 | D:8      | Found a flagged portal.
 11403 | Bailey   | Entered a bailey
 11461 | Bailey   | Reached **** piety under Makhleb
 11462 | Bailey   | Reached skill level 5 in Fighting
 11462 | Bailey   | Reached skill level 5 in Armour
 11505 | Bailey   | Reached XP level 11. HP: 69/75 MP: 0/0
 11505 | Bailey   | Learned a level 5 spell: Lee's Rapid Deconstruction
 11542 | Bailey   | Noticed an orc knight
 11553 | Bailey   | Killed an orc knight
 11554 | Bailey   | Noticed an orc knight
 11581 | Bailey   | Killed an orc knight
 12256 | D:8      | Found an iron altar of Okawaru.
 12711 | D:9      | Reached skill level 12 in Spellcasting
 12805 | D:9      | Reached ***** piety under Makhleb
 12895 | D:9      | Found a staircase to the Lair.
 12935 | D:9      | Found a stormy altar of Qazlal.
 12988 | D:9      | Found a transporter.
 12996 | D:9      | Noticed lunkers's ghost (journeyman DjAE)
 13086 | D:9      | Found a transporter.
 13674 | D:9      | Killed lunkers's ghost
 13733 | D:10     | Entered Level 10 of the Dungeon
 13892 | D:10     | Noticed a two-headed ogre
 13905 | D:10     | Killed a two-headed ogre
 13906 | D:10     | Reached XP level 12. HP: 78/85 MP: 0/0
 14551 | D:11     | Identified the +5 whip "Kacrom" {elec, Fragile +Blink rF+}
 14588 | D:11     | Noticed a two-headed ogre
 14594 | D:11     | Killed a two-headed ogre
 14717 | D:11     | Identified the +0 ring mail "Zoar" {Will+}
 14788 | D:11     | You are sucked into a shaft and drop 1 floor!
 14788 | D:12     | Found a staircase to the Orcish Mines.
 15207 | D:11     | Reached skill level 1 in Shields
 15540 | D:9      | Noticed a two-headed ogre
 15579 | D:9      | Killed a two-headed ogre
 15592 | Lair:1   | Entered Level 1 of the Lair of Beasts
 15592 | Lair:1   | Noticed Harold
 15601 | Lair:1   | Noticed Sonja
 15602 | Lair:1   | Killed Harold
 15605 | Lair:1   | Killed Sonja
 16217 | Lair:2   | Noticed a four-headed hydra
 16228 | Lair:2   | Reached XP level 13. HP: 93/93 MP: 0/0
 16228 | Lair:2   | Learned a level 5 spell: Silence
 16258 | Lair:2   | Noticed Urug
 16263 | Lair:2   | Killed Urug
 16348 | Lair:2   | Reached skill level 10 in Dodging
 16484 | Lair:2   | Reached skill level 13 in Spellcasting
 17467 | Lair:3   | Found a runed translucent gate.
 17624 | Lair:3   | Found a runed translucent gate.
 17625 | Lair:3   | Found a runed translucent gate.
 17625 | Lair:3   | Noticed Camaf's ghost (journeyman OpWz)
 17628 | Lair:3   | Found a viscous altar of Jiyva.
 17640 | Lair:3   | Killed Camaf's ghost
 17641 | Lair:3   | Reached skill level 5 in Shields
 17854 | Lair:4   | Found a hole to the Spider Nest.
 17911 | Lair:4   | Reached ****** piety under Makhleb
 18197 | Lair:4   | Found a staircase to the Shoals.
 19099 | Lair:5   | Reached XP level 14. HP: 102/102 MP: 0/0
 19190 | Lair:5   | Noticed Kirke
 19193 | Lair:5   | Reached skill level 10 in Armour
 19212 | Lair:5   | Reached skill level 10 in Fighting
 19293 | Lair:5   | Killed from afar by a lindwurm

Illustrated notes

Levels and vault maps discovered:
D:1:      psy_arrival_conway, layout_basic
D:2:      minmay_wonky_spiral, layout_rooms, serial_aquarium,
          aquarium_bridge_long_joined [aquarium_subvault_bridge,
          aquarium_subvault_wall, aquarium_subvault_wall,
          aquarium_subvault_wall, aquarium_subvault_bridge,
          aquarium_subvault_wall], aquarium_bridge_square
          [aquarium_subvault_bridge, aquarium_subvault_window,
          aquarium_subvault_bridge, aquarium_subvault_window],
          aquarium_window_fake, aquarium_window_corridor_1,
          aquarium_window_fake, aquarium_window_fake, aquarium_view_2c,
          chequers_ecumenical_altar_lobes, uniq_natasha
D:3:      layout_basic, elyvilon_altar_3, minmay_lizard_king, uniq_jessica,
          uniq_terence
D:4:      minmay_chambers_of_threes, layout_basic, lemuel_another_geyser
D:5:      layout_loops_corners, temple_green
D:6:      layout_loops_ring, nicolae_wu_jian_immortal_techniques,
          grunt_gozag_breadcrumbs, serial_undead, serial_undead_b,
          serial_undead_a, serial_undead_a, serial_undead_c, water_maze_lemuel,
          uniq_menkaure, uniq_maggie
D:7:      layout_basic, nicolae_ossuary_entry_giza, serial_shops, shop,
          nicolae_shop_trees, shop_fountains, grunt_ministairs_8,
          minmay_misc_feat_chi, minmay_circle_x, uniq_joseph
D:8:      layout_loops_ring, minitemple, enter_bailey_5,
          chequers_serial_rivers_room_b
D:9:      layout_loops_cross, nicolae_qazlal_general_emergency,
          due_lair_maze_entry_diamond, gammafunk_ghost_stat_death,
          minmay_crystal_room, st_stairs_7, minmay_misc_feat_enclosed,
          kennysheep_generic_room_12
D:10:     layout_basic
D:11:     layout_gridville, hangedman_minor_magic
D:12:     layout_loops_cross, zombieorc2_lemuel
Temple:   kb_temple_of_zot
Lair:1:   layout_misc_corridors, uniq_sonja, uniq_harold
Lair:2:   layout_gridlike, uniq_urug
Lair:3:   layout_concentric_octagons, gammafunk_ghost_endoplasm,
          grunt_megastairs_5
Lair:4:   layout_cave_pods, minmay_shoals_entry_centaurs,
          spider_nest_entry_web_field, lemuel_fruit_fields, serial_bayou_shore_b
Lair:5:   layout_layer_cave, slime_altar_2, chequers_serial_rivers_small_3,
          roderic_batcave, uniq_kirke

Skill      XL: |  1  2  3  4  5  6  7  8  9 10 11 12 13 14 |
---------------+-------------------------------------------+-----
Spellcasting   | 4 5 6 8 10 11 12 13 | 13.4
Fighting       | 2 5 7 8 9 10 | 10.0
Armour         | 2 5 7 8 9 10 | 10.0
Dodging        | 3 6 8 9 10 11 | 11.0
Shields        | 3 6 |  6.2
Stealth        | |  1.5

Action                   |  1- 3 |  4- 6 |  7- 9 | 10-12 | 13-15 || total
-------------------------+-------+-------+-------+-------+-------++-------
Melee: Unarmed           |     3 |       |       |       |     4 ||     7
       Quarterstaff      |       |       |       |     3 |       ||     3
 Cast: Magic Dart        |    63 |    85 |    60 |    38 |    15 ||   261
       Searing Ray       |     3 |    15 |    75 |    98 |    39 ||   230
       Fulminant Prism   |       |     1 |     7 |   105 |    63 ||   176
       Dazzling Flash    |       |       |     2 |     8 |     4 ||    14
       Ozocubu's Armour  |       |       |     1 |     1 |       ||     2
       Corpse Rot        |       |       |     1 |       |       ||     1
       Iskenderun's Myst |       |       |       |    16 |    28 ||    44
       Teleport Other    |       |       |       |     2 |       ||     2
       Foxfire           |       |       |       |     2 |       ||     2
       Lee's Rapid Decon |       |       |       |     1 |     2 ||     3
Invok: Greater Servant o |       |       |       |       |     1 ||     1
  Use: Scroll            |       |       |     7 |     7 |       ||    14
       Potion            |       |       |       |       |     5 ||     5
Armor: Robe              |     2 |     2 |     3 |       |       ||     7
       Swamp dragon scal |       |       |    23 |    29 |       ||    52
       Troll leather arm |       |       |       |    44 |     4 ||    48
Dodge: Dodged            |     5 |     6 |    50 |   113 |    15 ||   189
Block: Kite shield       |       |       |       |       |     2 ||     2
       Rpst.: Demon blade |       |       |       |       |     1 ||     1

Table legend: (Time is in decaauts)
 A = Elapsed time spent in this place.
 B = Non-inter-level travel time spent in this place.
 C = Inter-level travel time spent in this place.
 D = Time resting spent in this place.
 E = Time spent auto-exploring this place.
 F = Levels seen in this place.
 G = Mean time per level.
                   A        B        C        D        E       F      G
               +--------+--------+--------+--------+--------+-----+--------+
         Total |  19292 |  18701 |    591 |    313 |  15692 |  20 |  964.6 |
       Dungeon |  14038 |  13582 |    456 |    313 |  11613 |  12 | 1169.8 |
        Temple |     69 |     43 |     26 |      0 |     37 |   1 |   69.0 |
          Lair |   3693 |   3585 |    108 |      0 |   2885 |   5 |  738.6 |
       Ossuary |   1076 |   1076 |      0 |      0 |    858 |   1 | 1076.0 |
        Bailey |    415 |    415 |      0 |      0 |    299 |   1 |  415.0 |
               +--------+--------+--------+--------+--------+-----+--------+

Top non-repeatable levels by time:
     D:6: 1784 daAuts
     D:7: 1681 daAuts
     D:2: 1505 daAuts
     D:1: 1504 daAuts
     D:5: 1383 daAuts
     D:4: 1383 daAuts
     D:9: 1095 daAuts
 Ossuary: 1076 daAuts
     D:8: 1070 daAuts
  Lair:4: 958 daAuts
    D:11: 957 daAuts
  Lair:3: 863 daAuts
    D:10: 830 daAuts
     D:3: 823 daAuts
  Lair:2: 772 daAuts
